 Dungeon Sprint DCSS version 0.23.0 (webtiles) character file.

Game seed: 4458207359847905171

11115 nuthulu the Peltast (level 12, -23/105 HPs)
             Began as a Formicid Fighter on Feb 17, 2019.
             Was the Champion of Makhleb.
             Killed from afar by a merfolk aquamancer (27 damage)
             ... with a torrent of water
             ... in the Dungeon (Sprint V: "Ziggurat Sprint").
             The game lasted 00:04:29 (1222 turns).

nuthulu the Peltast (Formicid Fighter)              Turns: 1222, Time: 00:04:29

Health: -23/105    AC: 34    Str: 38    XL:     12   Next: 3%
Magic:  15/15      EV:  5    Int:  8    God:    Makhleb [******]
Gold:   0          SH: 35    Dex: 10    Spells: 15/15 levels left

rFire    + + .     SeeInvis +   F - +7 great mace "Firestarter" {inner flame, rF++}
rCold    . . .     Gourm    .   H - +18 shield of the Gong {rElec rN+ MR+ EV-5}
rNeg     + . .     Faith    .   G - +15 Maxwell's patent armour {-Cast -Tele rElec MR+ rCorr}
rPois    .         Spirit   .   (helmet unavailable)
rElec    +         Reflect  .   (no cloak)
rCorr    +         Harm     .   K - +1 pair of gloves {archery}
MR       +++..     NoCast   +   (no boots)
Stlth    ..........             (no amulet)
HPRegen  0.27/turn              v - +6 ring of strength
MPRegen  0.14/turn              u - +6 ring of strength

@: mesmerised, studying Staves, very slow
A: permanent stasis, dig shafts and tunnels, four strong arms, antennae 3
a: Dig, Minor Destruction, Lesser Servant of Makhleb, Major Destruction, Greater
Servant of Makhleb, Renounce Religion


You were in the Dungeon.
You worshipped Makhleb.
Makhleb was exalted by your worship.
You were not hungry.

You visited 1 branch

Inventory:

Hand Weapons
 a - a +0 flail
 F - the +7 great mace "Firestarter" (weapon) {inner flame, rF++}
   (You found it in the Dungeon)

   It has been specially enchanted to burn those struck by it, causing extra
   injury to most foes and up to half again as much damage against particularly
   susceptible opponents.
   It greatly protects you from fire.
Armour
 b - a +0 scale mail
 c - a +0 shield
 G - the +15 Maxwell's patent armour (worn) {-Cast -Tele rElec MR+ rCorr}
   (You found it in the Dungeon)

   It insulates you from electricity.
   It affects your resistance to hostile enchantments.
   It prevents spellcasting.
   It prevents most forms of teleportation.
   It provides partial protection from all sources of acid and corrosion.
 H - the +18 shield of the Gong (worn) {rElec rN+ MR+ EV-5}
   (You found it in the Dungeon)

   It affects your evasion (-5).
   It insulates you from electricity.
   It protects you from negative energy.
   It affects your resistance to hostile enchantments.
 K - a +1 pair of gloves of archery (worn)
Jewellery
 o - the ring of Shadows {Umbra +Inv Stlth+}
   (You found it in the Dungeon)

   [ring of stealth]

   It lets you turn invisible.
   It makes you more stealthy.
 q - a +6 ring of dexterity
 r - a +6 ring of dexterity
 s - a +6 ring of intelligence
 t - a +6 ring of intelligence
 u - a +6 ring of strength (right hand)
 v - a +6 ring of strength (left hand)
 J - the amulet of Vocliros {Acrobat rC+ MR- Dex+4 SInv}
   (You found it in the Dungeon)

   [amulet of the acrobat]

   It helps you evade while moving and waiting.
   It affects your dexterity (+4).
   It protects you from cold.
   It affects your resistance to hostile enchantments.
   It lets you see invisible.
Wands
 w - a wand of disintegration (7)
 x - a wand of iceblast (7)
 y - a wand of acid (7)
Scrolls
 k - 4 scrolls of blinking
 z - 4 scrolls of amnesia
 A - 7 scrolls of fog
 B - a scroll of holy word
 C - 5 scrolls of identify
 D - 5 scrolls of remove curse
 E - 2 scrolls of fear
 I - 4 scrolls of enchant armour
Potions
 d - 7 potions of might
 e - 10 potions of curing
 g - 10 potions of heal wounds
 h - 6 potions of haste
 i - 7 potions of magic
 j - 3 potions of berserk rage
 l - 2 potions of brilliance
 m - 2 potions of invisibility
 n - 4 potions of resistance
 p - 5 potions of agility
Books
 L - a manual of Staves
Comestibles
 f - 6 rations


   Skills:
 + Level 13.1 Fighting
 + Level 14.4 Maces & Flails
 + Level 2.0 Throwing
 + Level 14.2 Armour
 + Level 2.6 Dodging
 + Level 2.8 Stealth
 + Level 18.7 Shields
 + Level 2.0 Unarmed Combat
 + Level 2.0 Spellcasting
 + Level 2.1 Evocations


You had 15 spell levels left.
You didn't know any spells.
Your spell library was empty.

Dungeon Overview and Level Annotations

Branches:
Dungeon (1/1)

Altars:
Ashenzari
Cheibriados
Dithmenos
Elyvilon
Fedhas
Gozag
Hepliaklqana
Kikubaaqudgha
Makhleb
Nemelex Xobeh
Okawaru
Qazlal
Ru
Sif Muna
Trog
Uskayaw
Vehumet
Wu Jian
Xom
Yredelemnul
Zin
The Shining One
Beogh
Jiyva
Lugonu

Annotations:
D 1 transporter


Innate Abilities, Weirdness & Mutations

You cannot be hasted, slowed, berserked, paralysed or teleported.
You can dig through walls and to a lower floor.
Your four strong arms can wield two-handed weapons with a shield.
You have a pair of large antennae on your head. (SInv)


Message History

Unknown command.
Unknown command.
Your unstable footing causes you to fumble your attack.
You block the water elemental's attack.
GONNNNG!
The manticore is engulfed in blazing flames.
You block the manticore's attack.
SHROANNG!
You block the manticore's attack.
BOUMMMMG!
The manticore claws you but does no damage.
The merfolk siren chants its luring song.
The merfolk javelineer throws a javelin.
The javelin hits you.
* * * LOW HITPOINT WARNING * * *
You hear a splash.
The merfolk aquamancer is engulfed in blazing flames.
The merfolk aquamancer gestures at you while chanting.
The torrent of water hits you!!
You die...

▓▓▓▓▓▓▓▓▓▓▓▓▓▓▓▓▓▓▓
▓...8©8...▓.%.8©8...▓
▓..}|?:)≈≈▓..|).}}..▓
▓≈.))="≈..▓...:|||..▓
▓.≈.......▓...%.....▓
▓........≈▓.........▓
▓....mtm.≈▓....††...▓
▓≈.mmmH§≈.▓.........▓
▓...E@§§≈.▓.▓.%††.▓.▓
▓.▓≈.§§§▓.▓....©....▓
▓.≈.≈©.(..▓▓▓▓▓▓▓▓▓▓▓
▓▓▓▓▓▓▓▓▓▓▓


{{{{{{{{ {{{{{{{{{ {{{{{{{{{{{{{{{{{{ {{{{{{{{{{{{{{{{{{ {{{{{ You could see 3
merfolk javelineers, a merfolk aquamancer, a snapping turtle, a manticore, a
water elemental and a merfolk siren.

Vanquished Creatures
  A deep elf death mage (D)
  A deep elf high priest (D)
  A merfolk aquamancer (D)
  A dancing weapon (D)
  2 deep elf knights (D)
  A sun demon (D)
  2 deep elf archers (D)
  2 wolf spiders (D)
  An ugly thing (D)
  4 deep elf magi (D)
  A cyclops (D)
  4 merfolk (D)
  A redback (D)
  A fire elemental (D)
  A golden eye (D)
  An acid dragon (shapeshifter) (D)
  A soldier ant (shapeshifter) (D)
  A floating eye (D)
  An orc warrior (D)
  A necrophage (D)
  2 centaurs (D)
  2 earth elementals (D)
  6 scorpions (D)
  A crimson imp (D)
  A jelly (shapeshifter) (D)
  2 orc priests (D)
  3 jellies (D)
  2 orc wizards (D)
  An iron imp (D)
  A white imp (D)
  3 oozes (D)
  An adder zombie (D)
  An orc (D)
55 creatures vanquished.

Notes
Turn   | Place    | Note
-------+----------+-------------------------------------------
     0 | D        | Found the +6 Majin-Bo {vamp, Archmagi MP+6 Int+6}
     0 | D        | Found the +7 great mace "Firestarter" {inner flame, rF++}
     0 | D        | nuthulu the Formicid Fighter began the quest for the Orb.
     0 | D        | Reached XP level 1. HP: 18/18 MP: 1/1
     0 | D        | Found a deep blue altar of Sif Muna.
     0 | D        | Found a sacrificial altar of Ru.
     0 | D        | Found a bloodstained altar of Trog.
     0 | D        | Found a stormy altar of Qazlal.
     0 | D        | Found an iron altar of Okawaru.
     0 | D        | Found a sparkling altar of Nemelex Xobeh.
     0 | D        | Found a blossoming altar of Fedhas.
     2 | D        | Found an ancient bone altar of Kikubaaqudgha.
     2 | D        | Found a transporter.
     2 | D        | Found a corrupted altar of Lugonu.
     2 | D        | Found a viscous altar of Jiyva.
     2 | D        | Found a burning altar of Makhleb.
     2 | D        | Found a hazy altar of Hepliaklqana.
     2 | D        | Found an opulent altar of Gozag.
    27 | D        | Found the +9 heavy crossbow "Sniper" {velocity, Acc+∞ SInv}
    27 | D        | Found the +10 dark maul {crush}
    27 | D        | Found the +15 Maxwell's patent armour {-Cast -Tele rElec
                  | MR+ rCorr}
    27 | D        | Found the +18 shield of the Gong {rElec rN+ MR+ EV-5}
    27 | D        | Found the cursed +14 obsidian axe {chop, +Fly SInv *Curse}
    28 | D        | Found the +6 shillelagh "Devastator" {shatter}
    28 | D        | Found the +11 plutonium sword {*Contam Stlth-}
    28 | D        | Found the +8 lance "Wyrmbane" {slay drac, rPois rF+ rC+
                  | AC+3}
    28 | D        | Found the +9 sword of Zonguldrok {reap}
    28 | D        | Found the cursed +13 scythe of Curses {drain, *Curse}
    28 | D        | Found the +0 sword of Power
    28 | D        | Found the +7 mace of Variability {chain chaos}
    28 | D        | Found the +7 Singing Sword {slice, sonic wave}
    28 | D        | Found the +7 longbow "Piercer" {penet, EV-2}
    31 | D        | Banished a spatial maelstrom
    53 | D        | Reached skill level 1 in Dodging
    53 | D        | Reached skill level 4 in Shields
    53 | D        | Reached XP level 2. HP: 25/25 MP: 1/5
   131 | D        | Became a worshipper of Makhleb the Destroyer
   138 | D        | Entered arena 2.
   138 | D        | Noticed a necrophage
   138 | D        | Found a transporter.
   139 | D        | Found the ring of Shadows {Umbra +Inv Stlth+}
   143 | D        | Killed a necrophage
   143 | D        | Reached skill level 5 in Fighting
   143 | D        | Reached skill level 5 in Armour
   143 | D        | Reached skill level 6 in Shields
   143 | D        | Reached XP level 3. HP: 34/34 MP: 6/6
   143 | D        | Reached XP level 4. HP: 40/40 MP: 7/7
   143 | D        | Reached XP level 5. HP: 41/46 MP: 8/8
   231 | D        | Entered arena 3.
   231 | D        | Noticed a deep elf mage
   231 | D        | Noticed a deep elf mage
   231 | D        | Found a transporter.
   235 | D        | Killed a deep elf mage
   235 | D        | Reached * piety under Makhleb
   235 | D        | Reached skill level 5 in Maces & Flails
   235 | D        | Reached skill level 9 in Shields
   235 | D        | Reached XP level 6. HP: 47/57 MP: 9/9
   235 | D        | Reached XP level 7. HP: 52/63 MP: 10/10
   238 | D        | Noticed a demonic crawler
   238 | D        | Killed a deep elf mage
   238 | D        | Reached skill level 10 in Armour
   238 | D        | Reached skill level 11 in Shields
   238 | D        | Reached XP level 8. HP: 41/71 MP: 11/11
   404 | D        | Entered arena 4.
   404 | D        | Noticed a sun demon
   404 | D        | Found a transporter.
   410 | D        | Reached ** piety under Makhleb
   416 | D        | Killed a sun demon
   416 | D        | Reached skill level 10 in Fighting
   416 | D        | Reached skill level 12 in Shields
   416 | D        | Reached XP level 9. HP: 79/79 MP: 12/12
   417 | D        | Reached *** piety under Makhleb
   423 | D        | Got the amulet of Vocliros {Acrobat rC+ MR- Dex+4 SInv}
   514 | D        | Entered arena 5.
   514 | D        | Noticed a green ugly thing
   514 | D        | Found a transporter.
   520 | D        | Killed a green ugly thing
   520 | D        | Reached skill level 13 in Shields
   522 | D        | Reached **** piety under Makhleb
   577 | D        | Entered arena 6.
   577 | D        | Noticed a deep elf archer
   577 | D        | Noticed a deep elf high priest
   577 | D        | Noticed a deep elf mage
   577 | D        | Noticed a deep elf death mage
   577 | D        | Found a transporter.
   578 | D        | Identified the +3 battleaxe "Wawur" {speed, Int+6}
   582 | D        | Killed a deep elf death mage
   582 | D        | Reached skill level 10 in Maces & Flails
   582 | D        | Reached skill level 14 in Shields
   582 | D        | Reached XP level 10. HP: 49/88 MP: 13/13
   582 | D        | Killed a deep elf high priest
   590 | D        | Killed a deep elf mage
   590 | D        | Reached skill level 15 in Shields
   610 | D        | Killed a deep elf archer
   610 | D        | Reached ***** piety under Makhleb
   774 | D        | Entered arena 7.
   774 | D        | Noticed a deep elf archer
   774 | D        | Noticed a deep elf knight
   774 | D        | Noticed a deep elf knight
   774 | D        | Noticed a deep elf mage
   774 | D        | Noticed a +1 war axe of freezing
   775 | D        | Found a transporter.
   780 | D        | Killed a deep elf knight
   780 | D        | Killed a deep elf archer
   780 | D        | Reached XP level 11. HP: 91/95 MP: 14/14
   789 | D        | Killed a deep elf knight
   789 | D        | Reached skill level 16 in Shields
   789 | D        | Killed a deep elf mage
   795 | D        | Killed a +1 war axe of freezing
   801 | D        | Got the cursed ring "Hesurgho" {rN+ Slay-2}
   979 | D        | Entered arena 8.
   980 | D        | Found the +2 hat of the Bear Spirit {Spirit, +Rage rN+
                  | MR++}
   980 | D        | Found a transporter.
   983 | D        | Reached skill level 17 in Shields
   987 | D        | Reached ****** piety under Makhleb
  1041 | D        | Entered arena 9.
  1041 | D        | Noticed a cyclops
  1042 | D        | Identified the +9 shortbow of Fumal {freeze, Dex+3 SInv
                  | Stlth+}
  1042 | D        | Found a transporter.
  1059 | D        | Killed a cyclops
  1099 | D        | Entered arena 10.
  1100 | D        | Found a transporter.
  1125 | D        | Entered arena 11.
  1125 | D        | Noticed a wolf spider
  1125 | D        | Noticed a wolf spider
  1126 | D        | Found a transporter.
  1132 | D        | Killed a wolf spider
  1132 | D        | Reached skill level 18 in Shields
  1138 | D        | Killed a wolf spider
  1211 | D        | Entered arena 12.
  1211 | D        | Noticed a merfolk javelineer
  1211 | D        | Noticed a merfolk javelineer
  1211 | D        | Noticed a merfolk aquamancer
  1211 | D        | Noticed a merfolk siren
  1211 | D        | Noticed a merfolk javelineer
  1212 | D        | Identified the +11 scimitar "Puidos" {drain, -Tele rPois
                  | MR+}
  1212 | D        | Noticed a merfolk aquamancer
  1212 | D        | Noticed a manticore
  1213 | D        | Found a transporter.
  1221 | D        | Killed a merfolk aquamancer
  1221 | D        | Reached XP level 12. HP: 18/105 MP: 15/15
  1222 | D        | HP: 4/105 [merfolk javelineer/javelin (5)]
  1222 | D        | Killed from afar by a merfolk aquamancer

Skill      XL: |  1  2  3  4  5  6  7  8  9 10 11 |
---------------+----------------------------------+-----
Fighting       | 4 5 8 9 10 11 13 | 13.1
Maces & Flails | 3 5 6 8 10 12 14 | 14.4
Throwing       | 2 |  2.0
Armour         | 4 5 8 10 11 12 13 14 | 14.2
Dodging        | 1 2 |  2.6
Stealth        | 2 |  2.8
Shields        | 4 6 9 11 12 14 15 18 | 18.7
Unarmed Combat | 2 |  2.0
Spellcasting   | 2 |  2.0
Evocations     | 2 |  2.1

Action                   |  1- 3 |  4- 6 |  7- 9 | 10-12 || total
-------------------------+-------+-------+-------+-------++-------
Melee: Great mace        |     4 |     2 |    21 |    94 ||   121
  Use: Potion            |     1 |       |       |       ||     1
  Eat: Ration            |       |       |       |     1 ||     1
Armor: Plate armour      |     3 |       |     7 |    90 ||   100
Dodge: Dodged            |       |     1 |       |    14 ||    15
Block: Shield            |    10 |     3 |    38 |   207 ||   258
